 Dungeon Crawl Stone Soup version 0.26-a0-660-gc07710193c (webtiles) character file.

Game seed: 241016218888692725

8761 tacoguy the Zephyrmancer (level 11, -2/54 HPs)
             Began as a Deep Elf Air Elementalist on Oct 5, 2020.
             Was a Priest of Qazlal.
             Slain by a blink frog (18 damage)
             ... on level 1 of the Lair of Beasts on Oct 6, 2020.
             The game lasted 01:03:48 (14662 turns).

tacoguy the Zephyrmancer (DEAE)                    Turns: 14662, Time: 01:03:49

Health: -2/54      AC: 10    Str:  5    XL:     11   Next: 14%
Magic:  6/37       EV: 17    Int: 27    God:    Qazlal [***...]
Gold:   442        SH:  4    Dex: 15    Spells: 13/33 levels left

rFire    . . .     SeeInvis .   W - staff of air
rCold    . . .     Faith    +   (no shield)
rNeg     . . .     Spirit   .   a - +1 robe
rPois    .         Reflect  .   m - +2 helmet {Int+3}
rElec    +         Harm     .   x - scarf {repulsion}
rCorr    .         Rampage  .   j - +0 pair of gloves
MR       +....                  A - +2 pair of boots
Stlth    ++........             v - amulet of faith
HPRegen  0.18/turn              b - ring of magical power
MPRegen  0.25/turn              l - +4 ring of evasion

@: very slightly contaminated, repel missiles
A: no striking features
a: Upheaval, Elemental Force, Renounce Religion


You were on level 1 of the Lair of Beasts.
You worshipped Qazlal.
Qazlal was most pleased with you.
You visited 3 branches of the dungeon, and saw 11 of its levels.
You also visited: Ossuary.

You collected 524 gold pieces.
You spent 82 gold pieces at shops.

Inventory:

Armour
 a - a +1 robe (worn)
 j - a +0 pair of gloves (worn)
 m - a +2 helmet of intelligence (worn)
 x - a scarf of repulsion (worn)
 A - a +2 pair of boots (worn)
Magical Staves
 N - an uncursed staff of conjuration
 W - an uncursed staff of air (weapon)
Jewellery
 b - a ring of magical power (left hand)
 k - an uncursed ring of see invisible
 l - a +4 ring of evasion (right hand)
 v - an amulet of faith (around neck)
 C - an uncursed amulet of regeneration
 I - an uncursed ring of ice
 T - an uncursed ring of protection from magic
Wands
 w - a wand of paralysis (2)
 B - a wand of flame (30)
 Q - a wand of random effects (56)
 R - a wand of enslavement (6)
Scrolls
 c - 4 scrolls of enchant armour
 g - 3 scrolls of magic mapping
 n - 3 scrolls of immolation
 s - 3 scrolls of teleportation
 y - 4 scrolls of remove curse
 z - 2 scrolls of blinking
 F - 2 scrolls of random uselessness {unknown}
 G - a scroll of brand weapon {unknown}
 H - 3 scrolls of enchant weapon
 L - 2 scrolls of fog {unknown}
 M - a scroll of noise {unknown}
 P - a scroll of vulnerability {unknown}
 S - 7 scrolls of identify
Potions
 d - 3 potions of berserk rage
 e - 2 potions of mutation {unknown}
 f - 3 potions of resistance {unknown}
 h - a potion of magic {unknown}
 i - 2 potions of invisibility {unknown}
 o - 4 potions of might
 p - 2 potions of ambrosia
 q - a potion of lignification {unknown}
 r - 2 potions of flight {unknown}
 t - a potion of degeneration {unknown}
 D - 4 potions of heal wounds {unknown}
 E - a potion of haste {unknown}
 J - 2 potions of cancellation {unknown}
 O - a potion of stabbing {unknown}


   Skills:
 - Level 2.4 Dodging
 - Level 2.4 Stealth
 * Level 11.5 Spellcasting
 * Level 9.6 Conjurations
 + Level 0.9 Hexes
 * Level 12.3 Air Magic


You had 13 spell levels left.
You knew the following spells:

 Your Spells              Type           Power        Failure   Level
a - Shock                 Conj/Air       ####         1%          1
c - Airstrike             Air            #######...   1%          4
d - Lightning Bolt        Conj/Air       #######...   1%          5
e - Searing Ray           Conj           ######       1%          2
f - Fulminant Prism       Conj/Hex       #####.....   4%          4
g - Iskenderun's Mystic   Conj/Tloc      #####...     4%          4

Your spell library contained the following spells:

 Spells                   Type           Power        Failure   Level
 Magic Dart               Conj           ####         1%          1
 Swiftness                Air            #######.     1%          2
 Conjure Flame            Conj/Fire      #####...     1%          3
 Dazzling Flash           Conj/Hex       #####.       1%          3
 Mephitic Cloud           Conj/Pois/Air  ######..     1%          3
 Static Discharge         Conj/Air       #######.     1%          3
 Slow                     Hex            ###.....     3%          2
 Blink                    Tloc           N/A          5%          2
 Call Imp                 Summ           ###.....     5%          2


Dungeon Overview and Level Annotations

Branches:
Dungeon (9/15)             Temple (1/1) D:6            Lair (1/6) D:9
Ossuary (visited)
    Orc: D:9-12

Altars:
Ashenzari
Cheibriados
Dithmenos
Elyvilon
Fedhas
Gozag
Hepliaklqana
Kikubaaqudgha
Makhleb
Nemelex Xobeh
Okawaru
Qazlal
Ru
Sif Muna
Trog
Uskayaw
Vehumet
Wu Jian
Xom
Yredelemnul
Zin
The Shining One

Shops:
D:5 *


Message History

Casting: Shock (safe; 1% risk of failure)
Confirm with . or Enter, or press ? or * to list all spells.
Aiming: Shock (safe; 1% risk of failure)
Press: ? - help, Shift-Dir - straight line, f/p - blink frog
Aim: a blink frog (severely wounded)
You feel a surge of power!
The zap hits the blink frog.
The blink frog is severely wounded.
The blink frog blinks!
Your magical contamination has completely faded away.
The blink frog hits you!
The blink frog blinks!
The blink frog hits you!!
* * * LOW HITPOINT WARNING * * *
The blink frog blinks!
You feel better. The blink frog closely misses you.
Casting: Shock (safe; 1% risk of failure)
Confirm with . or Enter, or press ? or * to list all spells.
You miscast Iskenderun's Mystic Blast.
You are very lightly contaminated with residual magic.
Nothing appears to happen.
The blink frog hits you!!
You die...

.# ##### #..###### ## ##.#.#
##.#...P### .# ###...##
#.[.......P# .## #P....###
##.........# ..# #.......#
#.........# .##
##P.....####.........[
..########....##..F.........
................☼§.........#
##.#...........F@§.........#
###.######.#...○.........#
### #########F....##.#
##..### ###...# #.#...###
##......#.. #†.........
#.......#...


You could see 3 blink frogs.

Vanquished Creatures
  2 two-headed ogres (D:9)
  The ghost of Pooter the Ruffian, a novice TrTm of Okawaru (D:8)
  A cane toad (Lair:1)
  Maggie (D:6)
  A troll (D:9)
  A blink frog (Lair:1)
  Sigmund (D:6)
  Grum (D:8)
  A water moccasin (D:8)
  5 ice beasts
  A sky beast (D:7)
  4 orc warriors
  2 necrophages
  8 ogres
  4 phantoms
  2 wolves (D:8)
  5 centaurs
  A big kobold (D:8)
  3 bullfrogs
  4 scorpions (Ossuary)
  17 wights
  A howler monkey (D:9)
  3 electric eels (D:9)
  A human zombie (Ossuary)
  A jelly (D:8)
  A centaur zombie (Ossuary)
  2 centaur skeletons
  9 orc priests
  A water moccasin simulacrum (D:8)
  10 hounds
  An iguana (D:7)
  2 bullfrog skeletons
  An iron imp (D:6)
  Ijyb (D:3)
  7 orc wizards
  4 worker ants
  2 big kobold zombies (Ossuary)
  2 hound skeletons
  4 mummies
  A worker ant zombie (D:9)
  14 adders
  3 scorpion zombies (Ossuary)
  A shadow imp (D:5)
  3 white imps
  An ufetubus (D:9)
  An ooze (D:3)
  An adder skeleton (D:4)
  An adder zombie (D:8)
  3 worms
  2 dart slugs (D:1)
  An adder simulacrum (D:8)
  4 leopard geckos
  29 orcs
  3 bats
  4 giant cockroaches
  3 gnoll zombies (Ossuary)
  6 goblins
  5 hobgoblins
  2 jackals (D:2)
  2 quokkas (D:2)
  A ball python (D:2)
  3 frilled lizards
  A giant cockroach zombie (D:6)
  5 goblin zombies (Ossuary)
  A hobgoblin zombie (Ossuary)
  A jackal simulacrum (D:8)
  A jackal skeleton (D:8)
  17 kobolds
  A kobold zombie (D:4)
  A leopard gecko simulacrum (D:8)
  4 orc zombies
  3 rats
248 creatures vanquished.

Vanquished Creatures (others)
  An adder (D:4)
  A frilled lizard (D:4)
  A fulminant prism (Lair:1)
  A fungus (Lair:1)
  A plant (Lair:1)
5 creatures vanquished.

Grand Total: 253 creatures vanquished

Notes
Turn   | Place    | Note
-------+----------+-------------------------------------------
     0 | D:1      | tacoguy the Deep Elf Air Elementalist began the quest for
                  | the Orb.
     0 | D:1      | Reached XP level 1. HP: 10/10 MP: 6/6
   264 | D:1      | Reached XP level 2. HP: 15/15 MP: 8/8
  1346 | D:2      | Reached XP level 3. HP: 19/19 MP: 10/10
  1373 | D:2      | Learned a level 3 spell: Static Discharge
  2511 | D:3      | Noticed Ijyb
  2514 | D:3      | Paralysed by Ijyb for 2 turns
  2525 | D:3      | Killed Ijyb
  2525 | D:3      | Reached skill level 4 in Air Magic
  2525 | D:3      | Reached XP level 4. HP: 21/24 MP: 2/11
  2882 | D:3      | Learned a level 4 spell: Airstrike
  3226 | D:3      | Found a sparkling altar of Nemelex Xobeh.
  3580 | D:4      | Found a sand-covered staircase.
  3583 | D:4      | Reached XP level 5. HP: 27/28 MP: 13/13
  3629 | Ossuary  | Entered an ossuary
  4108 | Ossuary  | Reached skill level 5 in Air Magic
  4262 | Ossuary  | Reached skill level 5 in Spellcasting
  4262 | Ossuary  | Reached XP level 6. HP: 28/32 MP: 9/15
  4841 | Ossuary  | Reached skill level 6 in Air Magic
  5330 | D:4      | Reached XP level 7. HP: 36/36 MP: 17/17
  5340 | D:4      | Learned a level 5 spell: Lightning Bolt
  5859 | D:4      | Found a radiant altar of Vehumet.
  6202 | D:4      | Reached skill level 7 in Air Magic
  6304 | D:4      | Found a sparkling altar of Nemelex Xobeh.
  6304 | D:4      | Found a white marble altar of Elyvilon.
  6605 | D:5      | Entered Level 5 of the Dungeon
  6613 | D:5      | Reached skill level 5 in Conjurations
  6631 | D:5      | Reached XP level 8. HP: 41/41 MP: 12/20
  6901 | D:5      | Found a shadowy altar of Dithmenos.
  7517 | D:5      | Found Pimom's General Store.
  7798 | D:5      | Bought a scroll of enchant weapon for 82 gold pieces
  7893 | D:6      | Reached skill level 8 in Air Magic
  8237 | D:6      | Found a broken altar of Ashenzari.
  8240 | D:6      | Found a staircase to the Ecumenical Temple.
  8255 | Temple   | Entered the Ecumenical Temple
  8448 | Temple   | Became a worshipper of Qazlal Stormbringer
  8597 | D:6      | Found a snail-covered altar of Cheibriados.
  8604 | D:6      | Noticed Maggie
  8616 | D:6      | Killed Maggie
  8616 | D:6      | Reached skill level 9 in Air Magic
  8616 | D:6      | Reached XP level 9. HP: 42/45 MP: 15/23
  8702 | D:6      | Found a basalt altar of Yredelemnul.
  8861 | D:6      | Noticed Sigmund
  8864 | D:6      | Killed Sigmund
  9012 | D:6      | Found a blossoming altar of Fedhas.
  9233 | D:6      | Found an opulent altar of Gozag.
  9631 | D:7      | Reached * piety under Qazlal
  9677 | D:7      | Reached skill level 10 in Air Magic
  9971 | D:7      | Found a burning altar of Makhleb.
 10163 | D:7      | Found a glowing silver altar of Zin.
 10163 | D:7      | Noticed an angel
 10605 | D:8      | Noticed Grum
 10607 | D:8      | Killed Grum
 10926 | D:8      | Reached XP level 10. HP: 50/50 MP: 25/25
 11162 | D:8      | Found a runed translucent gate.
 11163 | D:8      | Found a runed translucent gate.
 11164 | D:8      | Found a runed translucent gate.
 11175 | D:8      | Reached skill level 10 in Spellcasting
 11201 | D:8      | Reached ** piety under Qazlal
 11936 | D:8      | Noticed Pooter's ghost (novice TrTm)
 11971 | D:8      | Reached skill level 11 in Air Magic
 12067 | D:8      | Killed Pooter's ghost
 12271 | D:8      | Got a slimy broad axe
 12272 | D:8      | Identified the +2 broad axe "Onuy" {vorpal, MR+ Str+2
                  | Stlth+} (You found it on level 8 of the Dungeon)
 12308 | D:9      | Noticed a two-headed ogre
 12351 | D:9      | Killed a two-headed ogre
 13128 | D:9      | Noticed a two-headed ogre
 13131 | D:9      | Reached skill level 12 in Air Magic
 13380 | D:9      | Killed a two-headed ogre
 13380 | D:9      | Reached XP level 11. HP: 33/54 MP: 24/28
 13781 | D:9      | Reached *** piety under Qazlal
 13785 | D:9      | Found a staircase to the Lair.
 13951 | D:9      | Learned a level 2 spell: Searing Ray
 13956 | D:9      | Learned a level 4 spell: Fulminant Prism
 13961 | D:9      | Learned a level 4 spell: Iskenderun's Mystic Blast
 14436 | Lair:1   | Entered Level 1 of the Lair of Beasts
 14662 | Lair:1   | Slain by a blink frog

Illustrated notes

Levels and vault maps discovered:
D:1:      eino_arrival_water_cross, layout_basic
D:2:      layout_basic, kennysheep_generic_room_9
D:3:      layout_basic, nemelex_dance_club_becter, uniq_ijyb
D:4:      layout_loops_ring, gammafunk_temple_overflow_elements,
          fiery_altar_vehumet, nicolae_ossuary_entry_giza, gup_sewer_entry_glass
D:5:      layout_loops_corners, lemuel_round_altar, serial_shops, shop
D:6:      layout_basic, yredelemnul_altar_generic, slow_altar_1,
          old_standard_altar, lemuel_coloured_pillars_altar,
          minmay_temple_entry_purple_smoke, fedhas_bush_and_centaur_altar,
          uniq_maggie, uniq_sigmund
D:7:      layout_gridville, kennysheep_mini, zin_angel
D:8:      layout_basic, gammafunk_ghost_icy, uniq_grum
D:9:      layout_loops_ring, erik_lair_island
Temple:   minmay_temple_bridge_abc
Lair:1:   lemuel_ratsnest, layout_cave_pods

Skill      XL: |  1  2  3  4  5  6  7  8  9 10 |
---------------+-------------------------------+-----
Conjurations   | 2 3 4 5 6 7 9 |  9.6
Air Magic      | 4 5 6 7 9 10 12 | 12.3
Spellcasting   | 4 5 6 8 9 11 | 11.5
Dodging        | |  2.4
Stealth        | |  2.4
Hexes          | |  0.9

Action                   |  1- 3 |  4- 6 |  7- 9 | 10-12 || total
-------------------------+-------+-------+-------+-------++-------
Melee: Short sword       |       |     9 |     7 |       ||    16
       Staff             |       |       |     2 |     1 ||     3
 Cast: Shock             |    83 |    96 |   157 |    73 ||   409
       Static Discharge  |     6 |    40 |    27 |    27 ||   100
       Lightning Bolt    |       |       |    25 |    12 ||    37
       Airstrike         |       |       |    46 |    51 ||    97
       Iskenderun's Myst |       |       |       |     4 ||     4
       Fulminant Prism   |       |       |       |     1 ||     1
  Use: Scroll            |     6 |     3 |       |     4 ||    13
       Potion            |       |       |       |     1 ||     1
Armor: Robe              |     8 |    14 |    12 |     9 ||    43
Dodge: Dodged            |    20 |    23 |    53 |    30 ||   126
       Repelled          |       |       |     2 |       ||     2
Block: Other             |       |       |     2 |     3 ||     5

Table legend: (Time is in decaauts)
 A = Elapsed time spent in this place.
 B = Non-inter-level travel time spent in this place.
 C = Inter-level travel time spent in this place.
 D = Time resting spent in this place.
 E = Time spent auto-exploring this place.
 F = Levels seen in this place.
 G = Mean time per level.
                   A        B        C        D        E       F      G
               +--------+--------+--------+--------+--------+-----+--------+
         Total |  14671 |  14150 |    521 |   6185 |   6047 |  12 | 1222.6 |
       Dungeon |  12763 |  12242 |    521 |   5166 |   5672 |   9 | 1418.1 |
        Temple |    216 |    216 |      0 |      0 |    179 |   1 |  216.0 |
          Lair |    225 |    225 |      0 |     45 |    149 |   1 |  225.0 |
       Ossuary |   1465 |   1465 |      0 |    974 |     47 |   1 | 1465.0 |
               +--------+--------+--------+--------+--------+-----+--------+

Top non-repeatable levels by time:
     D:9: 2101 daAuts
     D:8: 1751 daAuts
     D:4: 1571 daAuts
 Ossuary: 1465 daAuts
     D:2: 1426 daAuts
     D:6: 1311 daAuts
     D:7: 1236 daAuts
     D:5: 1222 daAuts
     D:3: 1144 daAuts
     D:1: 997 daAuts
  Lair:1: 225 daAuts
  Temple: 216 daAuts
